 Dungeon Crawl Stone Soup version 0.24-a0-479-g9a978d2894 (webtiles) character file.

Game seed: 890326530414403164

78020 Gynju the Basher (level 15, -11/115 HPs)
             Began as a Demonspawn Fighter on July 6, 2019.
             Was a High Priest of Okawaru.
             Mangled by a wolf spider (16 damage)
             ... on level 1 of the Spider Nest.
             The game lasted 00:50:04 (24096 turns).

Gynju the Basher (Demonspawn Fighter)              Turns: 24096, Time: 00:50:05

Health: -11/115    AC: 21    Str: 25    XL:     15   Next: 17%
Magic:  22/22      EV: 18    Int: 10    God:    Okawaru [*****.]
Gold:   1951       SH:  0    Dex: 29    Spells: 14/14 levels left

rFire    . . .     SeeInvis .   C - +10 flail "Arauruh" {crush, *Slow Fragile rC+ Dex+8}
rCold    + + .     Gourm    .   c - +1 shield
rNeg     . . .     Faith    .   i - +2 scale mail {rPois}
rPois    +         Spirit   .   H - +2 hat {MR+}
rElec    +         Reflect  +   y - +2 cloak
rCorr    .         Harm     .   K - +1 pair of gloves of the Unseen Realm {rElec}
MR       ++...                  (boots unavailable)
Stlth    ..........             v - +5 amulet of reflection
HPRegen  0.29/turn              Z - +6 ring of dexterity
MPRegen  0.18/turn              m - +5 ring of strength

@: confused, lethally poisoned (-11 -> -32), slowed, very slow
A: hooves 3, molten scales 2, cold resistance 1, nightstalker 1, freezing cloud
immunity
a: Heroism, Finesse, Renounce Religion


You were on level 1 of the Spider Nest.
You worshipped Okawaru.
Okawaru was extremely pleased with you.
You were not hungry.

You visited 5 branches of the dungeon, and saw 24 of its levels.
You also visited: Volcano.

You collected 1951 gold pieces.

Inventory:

Hand Weapons
 C - the +10 flail "Arauruh" (weapon) {crush, *Slow Fragile rC+ Dex+8}
   (You found it on level 6 of the Dungeon)

   It inflicts extra damage upon your enemies.
   It affects your dexterity (+8).
   It protects you from cold.
   It may slow you when you take damage.
   It will be destroyed if unequipped.
Missiles
 a - 6 atropa-tipped darts
 X - 51 boomerangs (quivered)
Armour
 c - a +1 shield (worn)
 i - a +2 scale mail of poison resistance (worn)
 y - a +2 cloak (worn)
 H - a +2 hat of magic resistance (worn)
 K - the +1 pair of gloves of the Unseen Realm (worn) {rElec}
   (Okawaru gifted it to you on level 2 of the Orcish Mines)

   It insulates you from electricity.
Jewellery
 h - an uncursed ring of positive energy
 m - a +5 ring of strength (right hand)
 o - an uncursed ring of see invisible
 v - a +5 amulet of reflection (around neck)
 Z - a +6 ring of dexterity (left hand)
Wands
 k - a wand of disintegration (17)
 r - a wand of iceblast (4)
 D - a wand of polymorph (5)
 F - a wand of acid (5)
 I - a wand of digging (14)
 V - a wand of flame (5)
 Y - a wand of random effects (5)
Scrolls
 g - 5 scrolls of amnesia
 p - a scroll of teleportation
 q - 2 scrolls of enchant weapon
 s - 10 scrolls of remove curse
 B - 2 scrolls of fog
 J - a scroll of identify
 L - a scroll of silence
 M - 2 scrolls of enchant armour
 P - 2 scrolls of immolation
Potions
 d - a potion of might
 e - a potion of resistance
 j - 5 potions of curing
 l - 4 potions of brilliance
 n - 3 potions of lignification
 t - a potion of cancellation
 w - a potion of berserk rage
 x - 2 potions of flight
 z - 3 potions of degeneration
 A - 4 potions of haste
 E - a potion of magic
 S - 3 potions of mutation
 U - a potion of agility
Comestibles
 b - 2 chunks of flesh
 f - 28 rations


   Skills:
 + Level 9.7 Fighting
 - Level 14.0 Maces & Flails
   Level 4.8 Polearms
 + Level 1.0 Throwing
 + Level 9.2 Armour
 + Level 9.2 Dodging
 + Level 9.3 Shields
 - Level 10.0 Invocations
 + Level 8.3 Evocations


You had 14 spell levels left.
You didn't know any spells.
Your spell library contained the following spells:

 Spells                   Type           Power        Failure   Level  Hunger
 Magic Dart               Conj           #...         86%         1    ##.....
 Summon Butterflies       Summ           #.......     86%         1    ##.....
 Summon Small Mammal      Summ           #...         86%         1    ##.....
 Blink                    Tloc           N/A          94%         2    ###....
 Call Imp                 Summ           #.......     94%         2    ###....
 Shroud of Golubria       Chrm/Tloc      #.....       94%         2    ###....
 Slow                     Hex            #.......     94%         2    ###....
 Sublimation of Blood     Necr           #.........   94%         2    ###....
 Call Canine Familiar     Summ           #.......     99%         3    ####...
 Conjure Flame            Conj/Fire      #.......     99%         3    ####...
 Gell's Gravitas          Tloc           #.........   99%         3    ####...
 Ignite Poison            Fire/Tmut/Pois #.......     99%         3    ####...
 Lesser Beckoning         Tloc           #.........   99%         3    ####...
 Mephitic Cloud           Conj/Pois/Air  #.......     99%         3    ####...
 Summon Guardian Golem    Hex/Summ       #.......     99%         3    ####...
 Teleport Other           Tloc           #.......     99%         3    ####...
 Passage of Golubria      Tloc           N/A          100%        4    #####..
 Petrify                  Tmut/Erth      #.......     100%        4    #####..
 Summon Ice Beast         Ice/Summ       #.......     100%        4    #####..
 Summon Lightning Spire   Summ/Air       #.......     100%        4    #####..
 Alistair's Intoxication  Tmut/Pois      #.......     100%        5    ######.
 Bolt of Magma            Conj/Fire/Erth #.........   100%        5    ######.
 Irradiate                Conj/Tmut      #.........   100%        5    ######.
 Iskenderun's Battlesphe  Conj/Chrm      #.......     100%        5    ######.
 Summon Mana Viper        Hex/Summ       #.......     100%        5    ######.
 Venom Bolt               Conj/Pois      #.........   100%        5    ######.
 Iron Shot                Conj/Erth      #.........   100%        6    #######
 Orb of Destruction       Conj           #.........   100%        7    #######
 Spellforged Servitor     Conj/Summ      #.........   100%        7    #######
 Summon Hydra             Summ           #.........   100%        7    #######


Dungeon Overview and Level Annotations

Branches:
Dungeon (14/15)            Temple (1/1) D:5            Lair (6/6) D:9
 Shoals (0/4) Lair:2       Spider (1/4) Lair:3        Slime (0/5) Lair:6
    Orc (2/2) D:12            Elf (0/3) Orc:2
 Vaults: D:13-14

Altars:
Ashenzari
Cheibriados
Dithmenos
Elyvilon
Fedhas
Gozag
Hepliaklqana
Makhleb
Nemelex Xobeh
Okawaru
Qazlal
Ru
Sif Muna
Trog
Uskayaw
Vehumet
Wu Jian
Xom
Yredelemnul
Zin
The Shining One
Beogh
Jiyva

Shops:
D:14 [   Orc:2 ?[([

Annotations:
D:4 3 runed translucent doors, Mithandil's ghost, amateur DECj
D:7 exclusion: 2 doors
Lair:6 3 runed translucent doors, pentaxis93's ghost, journeyman DEFE


Innate Abilities, Weirdness & Mutations

You have hooves in place of feet.
You are mostly covered in molten scales. (AC +3)
Your flesh is cold resistant. (rC+)
You are slightly more attuned to the shadows.
You are immune to freezing clouds.


Message History

* * * LOW HITPOINT WARNING * * *
The jumping spider bites you but does no damage.
The redback closely misses you.
The redback bites you but does no damage.
The tarantella bites you!
* * * LOW HITPOINT WARNING * * *
You are more confused.
The jumping spider pounces on you but does no damage.
The jumping spider bites you but does no damage.
The redback barely misses you. The tarantella barely misses you.
The jumping spider pounces on you but does no damage.
The jumping spider bites you but does no damage.
You're too confused!
Okay, then.
The web tears apart.
* * * LOW HITPOINT WARNING * * *
You feel very sick. The redback completely misses you.
The jumping spider leaps!
The wolf spider hits you!
You die...

#####.####.....#s# #...°.....
# #.# ##......##.......... ##
#.#######....##.......... .##
##......###..####........#
..###........##s....##.......#
..##.........#.......##.s....#
...#............s....##
...............ss°....#
............##.s@....(#
.##.##....#.##.s....###
###############...### #####


You could see a wolf spider, 2 jumping spiders, a tarantella and 2 redbacks.

Vanquished Creatures
  Rupert (Lair:5)
  Gastronok (D:9)
  Kirke (Lair:5)
  An orc warlord (Orc:2)
  2 entropy weavers (Lair:4)
  Josephine (Orc:1)
  Fannar (Lair:3)
  2 hydras
  3 catoblepae (Lair:6)
  Erica (D:9)
  3 two-headed ogres
  14 death yaks
  Urug (Lair:2)
  An orc high priest (Orc:2)
  An unseen horror (D:11)
  Pikel (D:7)
  5 orc knights
  2 orc sorcerers (Orc:2)
  2 deep elf magi (D:12)
  3 wolf spiders (Spider:1)
  A cyclops (D:11)
  2 manticores (Lair:6)
  A moth of wrath (Spider:1)
  2 black mambas
  A centaur zombie (D:12)
  14 elephants
  A gargoyle (D:12)
  4 rime drakes
  13 spiny frogs
  7 komodo dragons
  A demonic crawler (Spider:1)
  11 trolls
  3 jumping spiders (Lair:3)
  2 polar bears
  A merfolk (D:10)
  A hornet (Spider:1)
  4 slime creatures (D:12)
  5 hippogriffs
  9 redbacks
  A shadow (D:12)
  4 tarantellas (Spider:1)
  7 wraiths
  45 yaks
  3 basilisks
  A fire bat (Volcano)
  7 wargs
  22 soldier ants (Lair:4)
  12 water moccasins
  4 porcupines
  2 necrophages
  A hornet zombie (D:8)
  6 ice beasts
  A sky beast (D:5)
  38 orc warriors
  7 ogres
  A black bear (D:12)
  4 centaurs
  2 phantoms
  A wolf (Lair:2)
  6 crocodiles
  2 big kobolds
  14 bullfrogs
  3 scorpions
  15 killer bees
  3 wights (D:11)
  9 howler monkeys
  8 crimson imps
  2 lava snakes (Volcano)
  39 orc priests
  2 jellies
  6 hounds
  33 orc wizards
  A centaur skeleton (D:7)
  An iguana (D:7)
  31 worker ants
  2 hound zombies
  2 worker ant zombies
  3 gnolls (D:3)
  6 adders
  3 shadow imps
  3 adder skeletons
  3 worms
  A dart slug (D:2)
  5 leopard geckos
  96 orcs
  2 ball pythons
  6 giant cockroaches
  12 goblins
  11 hobgoblins
  15 jackals
  12 kobolds
  6 quokkas
  4 bats
  A frilled lizard (D:3)
  2 jackal skeletons
  9 rats
678 creatures vanquished.

Vanquished Creatures (others)
  A black mamba (Lair:6)
  3 centaurs
  3 orcs
  3 fungi
  14 plants
24 creatures vanquished.

Grand Total: 702 creatures vanquished

Notes
Turn   | Place    | Note
-------+----------+-------------------------------------------
     0 | D:1      | Gynju the Demonspawn Fighter began the quest for the Orb.
     0 | D:1      | Reached XP level 1. HP: 18/18 MP: 1/1
   132 | D:1      | Gained mutation: You are partially covered in molten
                  | scales. (AC +2) [demonic ancestry]
   132 | D:1      | Reached XP level 2. HP: 24/24 MP: 2/2
   879 | D:2      | Reached skill level 1 in Dodging
   916 | D:2      | Gained mutation: You have large cloven feet. [demonic
                  | ancestry]
   916 | D:2      | Reached XP level 3. HP: 29/29 MP: 3/3
  1775 | D:3      | Gained mutation: You are mostly covered in molten scales.
                  | (AC +3) [demonic ancestry]
  1775 | D:3      | Reached XP level 4. HP: 10/35 MP: 4/4
  2834 | D:3      | Reached XP level 5. HP: 39/42 MP: 5/5
  3235 | D:4      | Gained mutation: Your flesh is cold resistant. (rC+)
                  | [demonic ancestry]
  3235 | D:4      | Reached XP level 6. HP: 44/48 MP: 6/6
  3390 | D:4      | Found a bloodstained altar of Trog.
  3573 | D:4      | Found a runed translucent gate.
  3573 | D:4      | Noticed Mithandil's ghost (amateur DECj)
  3573 | D:4      | Identified the +8 hand axe "Hume" {pain, rElec MR- Dex+3}
  3654 | D:4      | Found a runed translucent gate.
  3655 | D:4      | Found a roughly hewn altar of Beogh.
  3655 | D:4      | Found a runed translucent gate.
  3706 | D:5      | Entered Level 5 of the Dungeon
  3706 | D:5      | Noticed a sky beast
  3720 | D:5      | Killed a sky beast
  3849 | D:5      | Gained mutation: You are slightly more attuned to the
                  | shadows. [demonic ancestry]
  3849 | D:5      | Reached XP level 7. HP: 38/55 MP: 7/7
  4036 | D:5      | Found a staircase to the Ecumenical Temple.
  4110 | Temple   | Entered the Ecumenical Temple
  4137 | Temple   | Became a worshipper of Warmaster Okawaru
  4268 | D:5      | Found a burning altar of Makhleb.
  4721 | D:5      | Found a radiant altar of Vehumet.
  4721 | D:5      | Found a snail-covered altar of Cheibriados.
  4721 | D:5      | Found an ornate altar of the Wu Jian Council.
  4740 | D:5      | Found a stormy altar of Qazlal.
  4804 | D:6      | Reached skill level 5 in Fighting
  4829 | D:6      | Gained mutation: You have hoof-like feet. [demonic
                  | ancestry]
  4829 | D:6      | Reached XP level 8. HP: 62/62 MP: 8/8
  4856 | D:6      | Reached * piety under Okawaru
  4924 | D:6      | Reached skill level 5 in Shields
  4930 | D:6      | Reached skill level 5 in Armour
  5161 | D:6      | Found a basalt altar of Yredelemnul.
  5163 | D:6      | Found a bloodstained altar of Trog.
  5165 | D:6      | Found a shimmering altar of Xom.
  5202 | D:6      | Got a faintly glowing flail
  5203 | D:6      | Identified the +10 flail "Arauruh" {crush, *Slow Fragile
                  | rC+ Dex+8} (You found it on level 6 of the Dungeon)
  5295 | D:6      | Reached skill level 1 in Maces & Flails
  5408 | D:6      | Found an opulent altar of Gozag.
  5514 | D:7      | Reached skill level 5 in Dodging
  5527 | D:7      | Reached ** piety under Okawaru
  5527 | D:7      | Reached skill level 2 in Maces & Flails
  5571 | D:7      | Reached skill level 3 in Maces & Flails
  5633 | D:7      | Reached XP level 9. HP: 65/68 MP: 9/9
  5635 | D:7      | Reached skill level 4 in Maces & Flails
  5792 | D:7      | Reached skill level 5 in Maces & Flails
  6091 | D:7      | Noticed Pikel
  6098 | D:7      | Killed Pikel
  6098 | D:7      | Reached *** piety under Okawaru
  6098 | D:7      | Reached skill level 7 in Maces & Flails
  6536 | D:8      | Reached skill level 8 in Maces & Flails
  6637 | D:8      | Found a sparkling altar of Nemelex Xobeh.
  6736 | D:8      | Noticed a two-headed ogre
  6741 | D:8      | Killed a two-headed ogre
  6741 | D:8      | Reached **** piety under Okawaru
  6741 | D:8      | Reached XP level 10. HP: 45/74 MP: 10/10
  6914 | D:8      | Reached skill level 9 in Maces & Flails
  7071 | D:8      | Noticed a two-headed ogre
  7077 | D:8      | Killed a two-headed ogre
  7130 | D:8      | Reached skill level 10 in Maces & Flails
  7149 | D:8      | You fall into a shaft and drop 2 floors!
  7149 | D:10     | Entered Level 10 of the Dungeon
  7158 | D:10     | Reached ***** piety under Okawaru
  7410 | D:9      | Found a staircase to the Lair.
  7655 | D:9      | Noticed Erica
  7662 | D:9      | Killed Erica
  7662 | D:9      | Reached skill level 11 in Maces & Flails
  8103 | D:9      | Found a shadowy altar of Dithmenos.
  8143 | D:9      | Noticed Gastronok
  8159 | D:9      | Killed Gastronok
  8159 | D:9      | Received a gift from Okawaru
  8159 | D:9      | Reached skill level 12 in Maces & Flails
  8159 | D:9      | Reached XP level 11. HP: 41/79 MP: 11/11
  8764 | D:10     | Noticed a two-headed ogre
  8771 | D:10     | Killed a two-headed ogre
  9257 | D:10     | Found a roughly hewn altar of Beogh.
  9617 | Lair:1   | Entered Level 1 of the Lair of Beasts
  9651 | Lair:1   | Reached skill level 13 in Maces & Flails
  9863 | Lair:1   | Found a dark tunnel.
  9912 | Volcano  | Entered a volcano
 10032 | Volcano  | Received a gift from Okawaru
 10712 | Lair:1   | Received a gift from Okawaru
 11027 | Lair:2   | Noticed Urug
 11041 | Lair:2   | Killed Urug
 11256 | Lair:2   | Reached skill level 14 in Maces & Flails
 11411 | Lair:2   | Reached skill level 1 in Invocations
 11641 | Lair:2   | Found a staircase to the Shoals.
 11711 | Lair:2   | Reached skill level 1 in Evocations
 12089 | Lair:3   | Gained mutation: You are immune to freezing clouds.
                  | [demonic ancestry]
 12089 | Lair:3   | Reached XP level 12. HP: 85/86 MP: 13/13
 12236 | Lair:3   | HP: 1/86 [elephant (13)]
 12713 | Lair:3   | Found a hole to the Spider Nest.
 13032 | Lair:3   | Noticed Fannar
 13045 | Lair:3   | Killed Fannar
 13112 | Lair:3   | Noticed a death yak
 13112 | Lair:3   | Noticed a death yak
 13114 | Lair:3   | Noticed a death yak
 13115 | Lair:3   | Noticed a death yak
 13115 | Lair:3   | Noticed a death yak
 13123 | Lair:3   | Killed a death yak
 13404 | Lair:3   | Killed a death yak
 13416 | Lair:3   | Killed a death yak
 13420 | Lair:3   | Killed a death yak
 13420 | Lair:3   | Reached skill level 5 in Invocations
 13426 | Lair:3   | Killed a death yak
 14058 | Lair:4   | Gained mutation: You have hooves in place of feet. [demonic
                  | ancestry]
 14058 | Lair:4   | Reached XP level 13. HP: 69/95 MP: 17/17
 14200 | Lair:4   | Noticed an entropy weaver
 14604 | Lair:4   | Killed an entropy weaver
 14621 | Lair:4   | Received a gift from Okawaru
 14843 | Lair:4   | Noticed an entropy weaver
 14854 | Lair:4   | Killed an entropy weaver
 15454 | Lair:4   | Reached skill level 5 in Evocations
 15714 | Lair:5   | Noticed Rupert
 15719 | Lair:5   | Paralysed by Rupert for 4 turns
 15732 | Lair:5   | Killed Rupert
 15732 | Lair:5   | Received a gift from Okawaru
 16030 | Lair:5   | Reached ****** piety under Okawaru
 16648 | Lair:6   | Entered Level 6 of the Lair of Beasts
 16691 | Lair:6   | Noticed Kirke
 16703 | Lair:5   | Killed Kirke
 16881 | Lair:6   | Found a runed translucent gate.
 16889 | Lair:6   | Received a gift from Okawaru
 16978 | Lair:6   | Noticed pentaxis93's ghost (journeyman DEFE)
 17000 | Lair:6   | Found a runed translucent gate.
 17000 | Lair:6   | Found a runed translucent gate.
 17202 | Lair:5   | Reached XP level 14. HP: 57/105 MP: 20/20
 18627 | Lair:6   | Found a viscous altar of Jiyva.
 18627 | Lair:6   | Found a staircase to the Slime Pits.
 19705 | D:11     | Found a blossoming altar of Fedhas.
 19838 | D:11     | You fall into a shaft and drop 3 floors!
 19883 | D:14     | Found Jiuw's Armour Boutique.
 20281 | D:12     | Found a staircase to the Orcish Mines.
 20338 | D:12     | Received a gift from Okawaru
 21567 | Orc:1    | Entered Level 1 of the Orcish Mines
 21567 | Orc:1    | Found a roughly hewn altar of Beogh.
 21597 | Orc:1    | Noticed Josephine
 21605 | Orc:1    | Killed Josephine
 21675 | Orc:2    | Entered Level 2 of the Orcish Mines
 22157 | Orc:2    | Found a roughly hewn altar of Beogh.
 22169 | Orc:2    | Found Juuric's Magic Scroll Boutique.
 22217 | Orc:2    | Found a roughly hewn altar of Beogh.
 22306 | Orc:2    | Found a staircase to the Elven Halls.
 22378 | Orc:2    | Noticed an orc warlord
 22381 | Orc:2    | Reached skill level 10 in Invocations
 22408 | Orc:2    | Killed an orc warlord
 22411 | Orc:2    | Found Wukycut's Antique Armour Shop.
 22456 | Orc:2    | Found Tumysmy's Antique Weapon Boutique.
 22458 | Orc:2    | Found a roughly hewn altar of Beogh.
 22803 | Orc:2    | Found a roughly hewn altar of Beogh.
 22812 | Orc:2    | Received a gift from Okawaru
 22815 | Orc:2    | Got a pair of pitted gloves {god gift}
 22826 | Orc:2    | Identified the +1 pair of gloves of the Unseen Realm
                  | {rElec} (Okawaru gifted it to you on level 2 of the Orcish
                  | Mines)
 22849 | Orc:2    | Found a roughly hewn altar of Beogh.
 22902 | Orc:2    | Found a roughly hewn altar of Beogh.
 22923 | Orc:2    | Found Atot's Armour Shoppe.
 23005 | Orc:1    | Reached XP level 15. HP: 114/114 MP: 22/22
 23704 | Spider:1 | Entered Level 1 of the Spider Nest
 24049 | Spider:1 | Reached skill level 1 in Throwing
 24095 | Spider:1 | HP: 2/115 [tarantella (12)]
 24096 | Spider:1 | Mangled by a wolf spider

Levels and vault maps discovered:
D:1:      dpeg_arrival_round_c, layout_loops_corners
D:2:      layout_loops_ring, minmay_misc_feat_encased
D:3:      layout_rooms, saegor_snake_ambush
D:4:      cheibrodos_pilgrimage, layout_cave_pools, biasface_ghost_orc_armoury,
          trog_hazing_becter
D:5:      layout_loops_ring, grunt_qazlal_clouds,
          gammafunk_temple_overflow_forgotten, minmay_temple_entry_slanted,
          first_ration, st_stairs_10, makhleb_heckhound_becter
D:6:      layout_rooms, lemuel_coloured_pillars_altar, minitemple,
          grunt_ministairs_2
D:7:      cheibrodos_two_vegetables, layout_loops_ring, uniq_pikel
D:8:      layout_basic, lemuel_doored_altar
D:9:      layout_roguey, grunt_dithmenos_shadows, erik_lair_orcish_takeover,
          minmay_misc_feat_alley, uniq_erica, uniq_gastronok
D:10:     layout_gridville, kennysheep_small_spiral, hangedman_fish_farm,
          david_defended_altar_orc
D:11:     layout_stronghold, nrook_campfire, fedhas_altar_3
D:12:     layout_loops_cross, erik_orc_4
D:13:     layout_loops_ring, grunt_vaults_entry_tiered, basic_altar
D:14:     layout_loops_corners, serial_shops, shop, basic_altar,
          nrook_mini_backslash, nicolae_blasting_shop, uniq_frances,
          uniq_roxanne
Temple:   minmay_temple_bridge_abc
Lair:1:   layout_loops_ring, nicolae_volcano_entry_two_sided,
          grunt_megastairs_5, lemuel_fruit_tree
Lair:2:   layout_long_grid, shoals_dummy_entry, st_stairs_6, uniq_urug
Lair:3:   layout_cave_pods, nicolae_spider_entry_tight_spaces, uniq_fannar
Lair:4:   layout_long_grid, gauntlet_entry_generic, minivault_29
Lair:5:   layout_regular_city, uniq_rupert
Lair:6:   evilmike_catoblepas_cave, layout_regular_city,
          dpeg_slime_entry_enclosed_altar, gammafunk_ghost_icy,
          serial_bayou_pond_d, uniq_kirke
Spider:1: layout_chambers, spiders_nest_hornet_nest, uniq_louise
Orc:1:    layout_diamond_mine, basic_altar, uniq_josephine
Orc:2:    grunt_orc_community_town_hall, layout_diamond_mine,
          grunt_orc_community_big_house_2, grunt_orc_community_big_house_2,
          grunt_orc_community_house_1, grunt_orc_community_house_3,
          grunt_orc_community_house_2, grunt_orc_community_house_2,
          grunt_orc_community_house_1

Skill      XL: |  1  2  3  4  5  6  7  8  9 10 11 12 13 14 15 |
---------------+----------------------------------------------+-----
Armour         | 3 4 5 6 7 9 |  9.2
Dodging        | 1 2 3 5 6 7 9 |  9.2
Shields        | 3 4 5 6 7 9 |  9.3
Polearms       | 2 3 4 |  4.8
Fighting       | 4 5 6 8 9 |  9.7
Maces & Flails | 3 8 12 14 | 14.0
Invocations    | 1 5 8 10 | 10.0
Evocations     | 1 4 6 8 |  8.3
Throwing       | 1 |  1.0

Action                   |  1- 3 |  4- 6 |  7- 9 | 10-12 | 13-15 || total
-------------------------+-------+-------+-------+-------+-------++-------
Melee: Trident           |   155 |   206 |   197 |       |       ||   558
       Kick              |    16 |    52 |   110 |    43 |   557 ||   778
       Flail             |       |       |   115 |   511 |  1041 ||  1667
       Unarmed           |       |       |     4 |       |       ||     4
Throw: Dart              |       |       |       |       |     1 ||     1
Invok: Heroism           |       |       |       |     6 |     6 ||    12
       Finesse           |       |       |       |     1 |     5 ||     6
Evoke: Wand              |       |       |       |       |     2 ||     2
  Use: Scroll            |       |     9 |     6 |     8 |    18 ||    41
       Potion            |       |       |       |     1 |    11 ||    12
 Stab: Confused          |       |       |     2 |       |       ||     2
       Sleeping          |       |       |       |     5 |       ||     5
       Invisible         |       |       |       |       |    10 ||    10
       Petrifying        |       |       |       |       |     1 ||     1
       Petrified         |       |       |       |       |     1 ||     1
       Distracted        |       |       |       |       |     1 ||     1
  Eat: Chunk             |     3 |     7 |    10 |    16 |    29 ||    65
       Ration            |       |       |       |     2 |     1 ||     3
Armor: Scale mail        |    71 |    61 |    65 |   120 |   261 ||   578
Dodge: Dodged            |    38 |    54 |    72 |   181 |   418 ||   763
       Deflected         |       |     7 |     2 |     4 |       ||    13
Block: Shield            |    76 |   121 |   237 |   425 |   867 ||  1726
       Reflection        |       |       |     3 |    11 |    11 ||    25

Table legend:
 A = Non-vault XP
 B = Vault XP
 C = Vault XP percentage of total XP
 D = Non-vault monster count
 E = Vault monster count
 F = Vault count percentage of total count
                 A         B        C        D         E       F
            +---------+---------+-------+---------+---------+-------
      Total |   69948 |   41510 |  37.2 |     476 |     208 |  30.4
            +---------+---------+-------+---------+---------+-------
        D:1 |      35 |       0 |   0.0 |      19 |       0 |   0.0
        D:2 |      59 |       0 |   0.0 |      18 |       0 |   0.0
        D:3 |     116 |       2 |   1.7 |      28 |       1 |   3.4
        D:4 |     191 |     110 |  36.5 |      13 |      13 |  50.0
        D:5 |     591 |     170 |  22.3 |      20 |       2 |   9.1
        D:6 |     988 |       1 |   0.1 |      30 |       1 |   3.2
        D:7 |    1768 |     740 |  29.5 |      30 |       3 |   9.1
        D:8 |    2695 |      42 |   1.5 |      19 |       1 |   5.0
        D:9 |     557 |    3827 |  87.3 |      17 |      12 |  41.4
       D:10 |    1836 |     421 |  18.7 |      19 |       4 |  17.4
       D:11 |    2889 |       0 |   0.0 |      20 |       0 |   0.0
       D:12 |    5506 |     941 |  14.6 |      31 |      19 |  38.0
       D:14 |     749 |       0 |   0.0 |       5 |       0 |   0.0
     Lair:1 |    3392 |     551 |  14.0 |      18 |       3 |  14.3
     Lair:2 |    2564 |     867 |  25.3 |      12 |       1 |   7.7
     Lair:3 |   10060 |    2204 |  18.0 |      23 |       5 |  17.9
     Lair:4 |    3368 |    6824 |  67.0 |      12 |      44 |  78.6
     Lair:5 |    7737 |    4996 |  39.2 |      20 |       2 |   9.1
     Lair:6 |   10633 |   10793 |  50.4 |      30 |      23 |  43.4
   Spider:1 |    5398 |       0 |   0.0 |      18 |       0 |   0.0
      Orc:1 |    4618 |    1694 |  26.8 |      29 |       4 |  12.1
      Orc:2 |    4198 |    7041 |  62.6 |      45 |      67 |  59.8
    Volcano |       0 |     286 | 100.0 |       0 |       3 | 100.0
            +---------+---------+-------+---------+---------+-------
